 Dungeon Crawl Stone Soup version 0.30-a0-341-g682706514a (webtiles) character file.

Game seed: 11607028048072474439

150183 Engwar the Severer (level 16, -18/155 HPs)
             Began as a Minotaur Fighter on Nov 2, 2022.
             Was the Champion of Okawaru.
             Killed from afar by a shock serpent (26 damage)
             ... with a bolt of electricity
             ... on level 2 of the Snake Pit.
             The game lasted 01:02:16 (27322 turns).

Engwar the Severer (Minotaur Fighter)              Turns: 27322, Time: 01:02:16

Health: -18/155    AC: 34    Str: 23    XL:     16   Next: 98%
Magic:  21/21      EV:  8    Int: 16    God:    Okawaru [******]
Gold:   618        SH: 22    Dex: 11    Spells: 15/15 levels left

rFire   + + .      SeeInvis .    l - +6 broad axe (flame)
rCold   + . .      Faith    .    T - +3 tower shield "Ningemu" {Dex+3 Stlth+}
rNeg    + + +      Spirit   .    O - +1 crystal plate armour "Nivotol" {rN+ rCorr Str-4 Int+5}
rPois   +          Reflect  .    X - +0 hat of Pantheism {Regen+}
rElec   .          Harm     .    R - +1 cloak
rCorr   +          Rampage  +    K - +1 pair of gloves "Ubuttupt" {rC+}
Will    +....                    Z - +1 pair of boots of Nuadip {Rampage}
Stlth   ..........               z - amulet "Lelih" {Rampage rPois rN+++ Regen+ Dex-4}
HPRegen 2.05/turn                p - ring "Upreirah" {rPois rF++ rN+ Int+6}
MPRegen 0.17/turn                P - +4 ring of evasion

@: studying 2 skills
A: horns 2, retaliatory headbutt
a: Renounce Religion, Heroism, Finesse, Duel


You were on level 2 of the Snake Pit.
You worshipped Okawaru.
Okawaru was exalted by your worship.
You visited 5 branches of the dungeon, and saw 26 of its levels.
You also visited: Ossuary and Bailey.

You collected 3299 gold pieces.
You spent 2681 gold pieces at shops.

Inventory:

Hand Weapons
 l - a +6 broad axe of flaming (weapon)
Missiles
 J - 11 javelins (quivered)
 V - 2 silver javelins
Armour
 v - the +1 pair of gloves of Zaxt {rCorr}
   (Okawaru gifted it to you on level 2 of the Orcish Mines)

   rCorr:     It protects you from acid and corrosion.
 F - a +0 pair of gloves of hurling
 K - the +1 pair of gloves "Ubuttupt" (worn) {rC+}
   (You found it in a bailey)

   rC:        It protects you from cold.
 O - the +1 crystal plate armour "Nivotol" (worn) {rN+ rCorr Str-4 Int+5}
   (Okawaru gifted it to you on level 12 of the Dungeon)

   Str:       It affects your strength (-4).
   Int:       It affects your intelligence (+5).
   rN:        It protects you from negative energy.
   rCorr:     It protects you from acid and corrosion.
 R - a +1 cloak (worn)
 T - the +3 tower shield "Ningemu" (worn) {Dex+3 Stlth+}
   (Okawaru gifted it to you on level 3 of the Lair of Beasts)

   Dex:       It affects your dexterity (+3).
   Stlth:     It makes you more stealthy.
 X - the +0 hat of Pantheism (worn) {Regen+}
   (You found it on level 5 of the Lair of Beasts)

   Regen:     It increases your rate of health regeneration.
 Z - the +1 pair of boots of Nuadip (worn) {Rampage}
   (You found it on level 1 of the Orcish Mines)

   Rampage:   It bestows one free step when moving towards enemies.
Jewellery
 n - an amulet of reflection
 p - the ring "Upreirah" (left hand) {rPois rF++ rN+ Int+6}
   (You bought it in a shop on level 2 of the Snake Pit)

   [ring of intelligence]

   Int:       It affects your intelligence (+6).
   rF:        It greatly protects you from fire.
   rPois:     It protects you from poison.
   rN:        It protects you from negative energy.
 z - the amulet "Lelih" (around neck) {Rampage rPois rN+++ Regen+ Dex-4}
   (You bought it in a shop on level 1 of the Snake Pit)

   [amulet of regeneration]

   Dex:       It affects your dexterity (-4).
   rPois:     It protects you from poison.
   rN:        It renders you almost immune to negative energy.
   Regen:     It increases your rate of health regeneration.
   Rampage:   It bestows one free step when moving towards enemies.
 H - a ring of fire
 P - a +4 ring of evasion (right hand)
 S - a ring of positive energy
Wands
 b - a wand of flame (25)
 f - a wand of mindburst (2)
 g - a wand of digging (17)
 D - a wand of iceblast (44)
 L - a wand of paralysis (14)
 Q - a wand of polymorph (6)
Scrolls
 a - 2 scrolls of silence
 c - 2 scrolls of blinking
 h - 6 scrolls of amnesia
 t - 7 scrolls of fog
 u - 6 scrolls of teleportation
 x - 5 scrolls of poison
 y - 2 scrolls of fear
 E - 5 scrolls of magic mapping
 M - 8 scrolls of identify
 W - 2 scrolls of brand weapon
Potions
 d - a potion of berserk rage
 e - 7 potions of lignification
 i - 11 potions of flight
 j - 4 potions of invisibility
 k - 4 potions of mutation
 m - 16 potions of curing
 o - 4 potions of attraction
 r - 5 potions of magic
 s - a potion of heal wounds
 w - 4 potions of might
 A - a potion of cancellation
 B - 2 potions of resistance
 C - 2 potions of ambrosia
 G - 2 potions of brilliance
 I - 2 potions of haste


   Skills:
 + Level 17.4 Fighting
 - Level 18.0 Axes
 + Level 7.1 Throwing
 + Level 17.5 Armour
 + Level 17.4 Shields
 - Level 8.0 Invocations
 - Level 5.0 Evocations


You had 15 spell levels left.
You didn't know any spells.
Your spell library contained the following spells:

 Spells                   Type           Power      Damage    Failure   Level
 Apportation              Tloc           0%         N/A       100%        1
 Slow                     Hex            0%         N/A       100%        1
 Scorch                   Fire           0%         2d5       100%        2
 Confusing Touch          Hex            0%         N/A       100%        3
 Gell's Gravitas          Tloc           0%         N/A       100%        3
 Ignite Poison            Fire/Tmut/Pois 0%         N/A       100%        3
 Inner Flame              Hex/Fire       0%         N/A       100%        3
 Kindle Blastsparks       Fire/Tloc/Air  0%         2d10      100%        3
 Portal Projectile        Hex/Tloc       0%         N/A       100%        3
 Stone Arrow              Conj/Erth      0%         3d7       100%        3
 Teleport Other           Tloc           0%         N/A       100%        3
 Vampiric Draining        Necr           0%         2d6       100%        3
 Flame Wave               Conj/Fire      0%         2d4       100%        4
 Fulminant Prism          Conj/Hex       0%         3d5       100%        4
 Iskenderun's Mystic Bla  Conj/Tloc      0%         2d3       100%        4
 Leda's Liquefaction      Hex/Erth       0%         N/A       100%        4
 Sticky Flame             Conj/Fire      0%         2d3       100%        4
 Alistair's Intoxication  Tmut/Pois      0%         N/A       100%        5
 Blade Hands              Tmut           0%         N/A       100%        5
 Borgnjor's Vile Clutch   Necr/Erth      0%         N/A       100%        5
 Lee's Rapid Deconstruct  Erth           0%         3d4*      100%        5
 Dispersal                Tloc           0%         N/A       100%        6
 Iron Shot                Conj/Erth      0%         9d1       100%        6
 Statue Form              Tmut/Erth      0%         N/A       100%        6
 Ignition                 Fire           0%         3d3       100%        8
 Lehudib's Crystal Spear  Conj/Erth      0%         10d2      100%        8
 Tukima's Dance           Hex            Unusable   N/A       N/A         3
 Animate Armour           Summ/Erth      Unusable   N/A       N/A         4
 Animate Dead             Necr           Unusable   N/A       N/A         4
 Death Channel            Necr           Unusable   N/A       N/A         6
 Summon Cactus Giant      Summ           Unusable   N/A       N/A         6
 Haunt                    Necr/Summ      Unusable   N/A       N/A         7
 Infestation              Necr           Unusable   N/A       N/A         8

Dungeon Overview and Level Annotations

Branches:
Dungeon (15/15)            Temple (1/1) D:6            Lair (5/5) D:9
  Swamp (0/4) Lair:3        Snake (3/4) Lair:2        Slime (0/5) Lair:5
    Orc (2/2) D:12            Elf (0/3) Orc:2        Vaults (0/5) D:13
 Depths (0/4) D:15        Ossuary (visited)          Bailey (visited)

Altars:
Ashenzari
Cheibriados
Dithmenos
Elyvilon
Fedhas
Gozag
Hepliaklqana
Kikubaaqudgha
Makhleb
Nemelex Xobeh
Okawaru
Qazlal
Ru
Sif Muna
Trog
Uskayaw
Vehumet
Wu Jian
Xom
Yredelemnul
Zin
The Shining One
Jiyva

Shops:
D:8 [   D:9 !   Orc:2 !(([(   Snake:1 =   Snake:2 =:=

Portals:
Trove: D:10 (lose all piety)

Annotations:
D:2 Sigmund
D:3 Grinder
D:11 exclusion: oklob plant
Lair:4 exclusion: oklob plant
Snake:1 Mlioglotl


Innate Abilities, Weirdness & Mutations

You have a pair of horns on your head.
You reflexively headbutt those who attack you in melee.


Message History

There is a stone staircase leading down here.
You hit the shock serpent. You burn the shock serpent.
You headbutt the shock serpent, but do no damage.
The shock serpent is lightly wounded.
You slash the anaconda! You burn the anaconda. You block the anaconda's attack.
The anaconda barely misses you. You block the shock serpent's attack.
You block the anaconda's attack. The anaconda bites you!
* * * LOW HITPOINT WARNING * * *
The shock serpent bites you but does no damage.
You slice the shock serpent!! You burn the shock serpent.
The shock serpent is severely wounded.
You slice the anaconda!! You burn the anaconda!
You kill the anaconda!
Okawaru accepts your kill.
The shock serpent's electric aura discharges, shocking you!
* * * LOW HITPOINT WARNING * * *
The shock serpent bites you but does no damage.
You hit the shock serpent. You burn the shock serpent.
The shock serpent is severely wounded.
The shock serpent bites you!
* * * LOW HITPOINT WARNING * * *
The shock serpent shocks you!
* * * LOW HITPOINT WARNING * * *
You feel much better. You block the shock serpent's attack.
You hit the shock serpent. You burn the shock serpent.
You headbutt the shock serpent.
The shock serpent is almost dead.
The shock serpent's electric aura discharges, shocking you!
The shock serpent shoots out a bolt of lightning at you!
The bolt of electricity hits you.
* * * LOW HITPOINT WARNING * * *
The bolt of electricity hits you!
* * * LOW HITPOINT WARNING * * *
The bolt of electricity hits the shock serpent.
The shock serpent completely resists.
The shock serpent shoots out a bolt of lightning at you!
The bolt of electricity hits you!
* * * LOW HITPOINT WARNING * * *
The bolt of electricity hits you!!
You die...

############## #
##......#.....##
####............@.##
.##.............S†.##
..#.................#
....................#
..#........^.......##
.##........#......##
####......###....## #
#...#### ###...##
#...# ##...<.##


You could see a shock serpent.

Vanquished Creatures
  Vashnia (Snake:3)
  Rupert (Orc:1)
  Aizul (Snake:1)
  An orc warlord (Orc:1)
  Azrael (D:13)
  Nessos (D:13)
  A minotaur (Lair:3)
  The ghost of Westside the Slicer, a journeyman MiFi of Okawaru (Orc:2)
  2 ettins
  The ghost of Edouph the Unseen, a journeyman SpEn of Dithmenos (Lair:3)
  The ghost of Smoky173 the Fighter, a journeyman TeBr of Dithmenos (Lair:5)
  A fire dragon (Lair:5)
  Harold (D:10)
  2 ogre magi (D:15)
  7 hydras
  7 boulder beetles
  Erica (D:10)
  6 anacondas
  4 centaur warriors
  4 naga warriors
  17 two-headed ogres
  9 death yaks
  A naga sharpshooter (Snake:2)
  A tengu warrior (D:15)
  4 orc high priests
  Sonja (Lair:4)
  A shock serpent (Snake:2)
  A fire crab (Lair:5)
  Lodul (D:13)
  A salamander mystic (Snake:2)
  A deep troll (D:15)
  A spectral hydra (Lair:5)
  3 skeletal warriors (D:12)
  A swamp dragon (Lair:5)
  A naga ritualist (Snake:3)
  3 deep elf pyromancers (D:15)
  A wizard (D:15)
  8 orc knights
  4 mana vipers
  5 orc sorcerers
  2 manticores
  6 salamanders
  18 ugly things
  10 black mambas
  9 cyclopes
  A black mamba (shapeshifter) (D:13)
  3 guardian serpents
  14 elephants
  3 torpor snails
  3 gargoyles
  6 naga magi
  16 komodo dragons
  8 cane toads
  6 rime drakes
  An efreet (D:15)
  A freezing wraith (D:14)
  An unseen horror (D:13)
  3 kobold demonologists
  A tengu conjurer (D:15)
  14 polar bears
  3 trolls
  A wolf spider simulacrum (D:15)
  2 hornets
  Prince Ribbit (D:6)
  A spectral elephant (Lair:5)
  3 dream sheep (Lair:1)
  19 blink frogs
  3 raiju (Lair:5)
  11 slime creatures
  2 centaur simulacra (D:15)
  2 spectral black mambas (Lair:5)
  A water elemental (D:15)
  4 wyverns
  2 shadows
  4 vampires
  90 yaks
  Eustachio (D:4)
  2 fire bats (Lair:1)
  5 fire elementals
  A steam dragon (Lair:5)
  8 basilisks
  16 humans (D:13)
  Grum (Bailey)
  A spectral komodo dragon (Lair:5)
  5 vampire mosquitoes
  Menkaure (D:4)
  A spectral cane toad (Lair:5)
  5 wargs
  11 nagas
  An acid dragon (D:13)
  12 water moccasins
  16 hell hounds
  2 swamp drakes (Lair:5)
  5 ice beasts
  26 orc warriors
  13 black bears
  4 centaurs
  A black mamba simulacrum (Lair:5)
  36 wolves
  18 ogres
  12 bullfrogs
  3 kobold brigands
  9 gnoll sergeants
  A necrophage (D:4)
  4 scorpions
  14 wights
  11 killer bees
  4 lava snakes (Lair:1)
  3 jellies
  6 hounds
  7 gnoll boudas
  27 orc priests
  7 iguanas
  Ijyb (D:3)
  Natasha (twice) (D:2)
  23 orc wizards
  A boggart simulacrum (D:15)
  14 mummies
  20 gnolls
  7 adders
  A shadow imp (D:6)
  4 white imps
  2 ufetubi
  A worm (D:2)
  5 dart slugs
  60 orcs
  4 ball pythons
  7 endoplasms
  A giant cockroach (D:4)
  9 goblins
  9 hobgoblins
  7 jackals
  5 quokkas
  2 bats
  2 frilled lizards (D:2)
  3 gnoll skeletons (Ossuary)
  21 kobolds
  3 kobold skeletons (Ossuary)
  2 orc skeletons (Ossuary)
  3 rats
  11 rat skeletons (Ossuary)
  A bush (D:5)
916 creatures vanquished.

Vanquished Creatures (others)
  A slime creature (D:15)
  2 orc wizards
  An orc (Orc:2)
  A goblin (D:4)
  28 fungi
  81 plants
114 creatures vanquished.

Grand Total: 1030 creatures vanquished

Notes
Turn   | Place    | Note
-------+----------+-------------------------------------------
     0 | D:1      | Engwar the Minotaur Fighter began the quest for the Orb.
     0 | D:1      | Reached XP level 1. HP: 19/19 MP: 0/0
     3 | D:1      | Noticed an electric eel
     4 | D:1      | Noticed an electric eel
    76 | D:1      | Reached XP level 2. HP: 27/27 MP: 1/1
   246 | D:1      | Reached skill level 3 in Axes
   608 | D:2      | Noticed Sigmund
   813 | D:2      | Reached XP level 3. HP: 33/33 MP: 2/2
  1010 | D:2      | Reached XP level 4. HP: 30/40 MP: 3/3
  1014 | D:2      | Noticed Natasha
  1017 | D:2      | Reached skill level 4 in Axes
  1023 | D:2      | Killed Natasha
  1280 | D:2      | Noticed Natasha
  1287 | D:2      | Killed Natasha
  1288 | D:2      | Reached XP level 5. HP: 47/47 MP: 4/4
  1591 | D:3      | Noticed Ijyb
  1611 | D:3      | Killed Ijyb
  1843 | D:3      | Noticed Grinder
  2412 | D:4      | Noticed a centaur
  2423 | D:4      | Killed a centaur
  2424 | D:4      | Reached skill level 5 in Axes
  2424 | D:4      | Reached skill level 5 in Armour
  2424 | D:4      | Reached XP level 6. HP: 35/55 MP: 5/5
  2455 | D:4      | Reached skill level 5 in Fighting
  2455 | D:4      | Reached skill level 5 in Shields
  2542 | D:4      | Noticed Eustachio
  2566 | D:4      | Killed Eustachio
  2567 | D:4      | Reached skill level 6 in Axes
  2567 | D:4      | Reached XP level 7. HP: 43/61 MP: 6/6
  2736 | D:4      | Identified the +7 chain mail of Neezajia {rPois Dex+4}
  3494 | D:4      | Reached skill level 7 in Axes
  3577 | D:4      | Noticed Menkaure
  3614 | D:4      | Killed Menkaure
  4052 | D:5      | Entered Level 5 of the Dungeon
  4096 | D:5      | Reached XP level 8. HP: 70/70 MP: 7/7
  4304 | D:5      | Found a sand-covered staircase.
  4312 | Ossuary  | Entered an ossuary
  4405 | Ossuary  | Reached skill level 8 in Axes
  5233 | D:5      | Found a blossoming altar of Fedhas.
  5355 | D:5      | Reached skill level 9 in Axes
  5523 | D:6      | Noticed Prince Ribbit
  5531 | D:6      | Killed Prince Ribbit
  5532 | D:6      | Reached XP level 9. HP: 70/79 MP: 8/8
  5796 | D:6      | Found a staircase to the Ecumenical Temple.
  5800 | Temple   | Entered the Ecumenical Temple
  5809 | Temple   | Became a worshipper of Warmaster Okawaru
  6577 | D:7      | Found a snail-covered altar of Cheibriados.
  6577 | D:7      | Found a bloodstained altar of Trog.
  6594 | D:7      | Reached * piety under Okawaru
  6602 | D:7      | Reached skill level 10 in Axes
  7472 | D:8      | Reached skill level 1 in Evocations
  7697 | D:8      | Reached skill level 11 in Axes
  7698 | D:8      | Reached ** piety under Okawaru
  7706 | D:8      | Reached XP level 10. HP: 63/90 MP: 9/9
  8100 | D:8      | Found Tareecaiwi's Antique Armour Emporium.
  8105 | D:8      | Bought a pair of embroidered gloves for 247 gold pieces
  8116 | D:8      | Bought a pair of runed gloves for 247 gold pieces
  8247 | D:9      | Found an opulent altar of Gozag.
  8592 | D:9      | Reached *** piety under Okawaru
  8622 | D:9      | Found Etweph's Distillery.
  8649 | D:9      | Found a staircase to the Lair.
  8663 | D:9      | Reached skill level 12 in Axes
  9068 | D:10     | Entered Level 10 of the Dungeon
  9124 | D:10     | Reached **** piety under Okawaru
  9293 | D:10     | Noticed a rust devil
  9295 | D:10     | Reached XP level 11. HP: 97/97 MP: 10/10
  9333 | D:10     | Found a flagged portal.
  9354 | Bailey   | Entered a bailey
  9729 | Bailey   | Noticed Grum
  9736 | Bailey   | Killed Grum
  9861 | Bailey   | Identified the +1 pair of gloves "Ubuttupt" {rC+}
  9909 | Bailey   | Reached skill level 13 in Axes
 10069 | D:10     | Reached ***** piety under Okawaru
 10211 | D:10     | Reached skill level 10 in Armour
 10323 | D:10     | Noticed Harold
 10336 | D:10     | Reached skill level 10 in Fighting
 10338 | D:10     | Reached skill level 10 in Shields
 10484 | D:10     | Killed Harold
 10484 | D:10     | Identified the +2 dagger of Big Damage {vorpal, Fly rElec
                  | Will+ Int+4} (Okawaru gifted it to you on level 10 of the
                  | Dungeon)
 10484 | D:10     | Received a gift from Okawaru
 10537 | D:10     | Found a portal to a secret trove of treasure.
 10583 | D:10     | Noticed Erica
 10597 | D:10     | Killed Erica
 10793 | D:10     | Noticed a boulder beetle
 10809 | D:10     | Killed a boulder beetle
 11157 | D:11     | Reached skill level 14 in Axes
 11157 | D:11     | Reached skill level 5 in Evocations
 11429 | D:11     | Found a blossoming altar of Fedhas.
 11452 | D:11     | Noticed an oklob plant
 11860 | D:12     | Noticed a skeletal warrior
 11860 | D:12     | Noticed a skeletal warrior
 11861 | D:12     | Noticed a skeletal warrior
 11872 | D:12     | Killed a skeletal warrior
 11884 | D:12     | Killed a skeletal warrior
 11884 | D:12     | Identified the +0 war axe "Kiby" {vorpal, Will+} (Okawaru
                  | gifted it to you on level 12 of the Dungeon)
 11884 | D:12     | Received a gift from Okawaru
 11885 | D:12     | Reached XP level 12. HP: 50/108 MP: 11/11
 12145 | D:12     | Noticed a boulder beetle
 12161 | D:12     | Killed a boulder beetle
 12382 | D:12     | Found a staircase to the Orcish Mines.
 12607 | D:12     | Reached skill level 15 in Axes
 12657 | D:12     | Noticed a two-headed ogre
 12665 | D:12     | Killed a two-headed ogre
 12916 | D:12     | Noticed a two-headed ogre
 12922 | D:12     | Identified the +1 crystal plate armour "Nivotol" {rN+ rCorr
                  | Str-4 Int+5} (Okawaru gifted it to you on level 12 of the
                  | Dungeon)
 12922 | D:12     | Received a gift from Okawaru
 12925 | D:12     | Killed a two-headed ogre
 13067 | D:12     | Noticed a boulder beetle
 13067 | D:12     | Noticed a seven-headed hydra
 13083 | D:12     | Killed a boulder beetle
 13095 | D:12     | Killed a three-headed hydra
 13297 | D:13     | Noticed Azrael
 13678 | D:13     | Noticed a boulder beetle
 13687 | D:13     | Killed a boulder beetle
 13800 | D:13     | Reached skill level 16 in Axes
 14031 | D:13     | Noticed Lodul
 14049 | D:13     | Killed Lodul
 14275 | D:13     | Reached XP level 13. HP: 89/118 MP: 12/12
 14630 | D:13     | Reached ****** piety under Okawaru
 14800 | Lair:1   | Entered Level 1 of the Lair of Beasts
 15255 | Lair:1   | Reached skill level 1 in Throwing
 15438 | Lair:1   | Reached skill level 17 in Axes
 15672 | Lair:1   | Identified the +6 scale mail of the Sun {Int+7} (Okawaru
                  | gifted it to you on level 1 of the Lair of Beasts)
 15672 | Lair:1   | Received a gift from Okawaru
 16389 | Lair:2   | Found a staircase to the Snake Pit.
 17989 | Lair:3   | Noticed a minotaur
 17989 | Lair:3   | Noticed Edouph's ghost (journeyman SpEn)
 18077 | Lair:3   | Reached XP level 14. HP: 120/129 MP: 13/13
 18138 | Lair:3   | Found a staircase to the Swamp.
 18300 | Lair:3   | Found a runed translucent gate.
 18300 | Lair:3   | Found a runed translucent gate.
 18300 | Lair:3   | Found a runed translucent gate.
 18321 | Lair:3   | Identified the +1 robe "Uvuep" {Harm Regen+ Int+2}
 18589 | Lair:3   | Identified the +3 tower shield "Ningemu" {Dex+3 Stlth+}
                  | (Okawaru gifted it to you on level 3 of the Lair of Beasts)
 18589 | Lair:3   | Received a gift from Okawaru
 18638 | Lair:3   | Killed Edouph's ghost
 18639 | Lair:3   | Reached skill level 18 in Axes
 18639 | Lair:3   | Reached skill level 1 in Invocations
 19145 | Lair:4   | Noticed Sonja
 19159 | Lair:4   | Killed Sonja
 19995 | Lair:5   | Entered Level 5 of the Lair of Beasts
 19995 | Lair:5   | Found a runed translucent gate.
 19995 | Lair:5   | Found a runed translucent gate.
 19995 | Lair:5   | Found a runed translucent gate.
 20081 | Lair:5   | Received a gift from Okawaru
 20238 | Lair:5   | Received a gift from Okawaru
 20448 | Lair:5   | Reached skill level 5 in Invocations
 20675 | Lair:5   | Identified the +0 scale mail of Okawaru's Indignation
                  | {Int+3 Dex-4 Slay+2} (Okawaru gifted it to you on level 5
                  | of the Lair of Beasts)
 20675 | Lair:5   | Received a gift from Okawaru
 20783 | Lair:5   | Reached XP level 15. HP: 139/139 MP: 18/18
 20913 | Lair:5   | Noticed Smoky173's ghost (journeyman TeBr)
 20933 | Lair:5   | Killed Smoky173's ghost
 20953 | Lair:5   | Identified the +0 hat of Pantheism {Regen+}
 21143 | Lair:5   | Found a staircase to the Slime Pits.
 21143 | Lair:5   | Found a viscous altar of Jiyva.
 21151 | Lair:5   | Reached skill level 15 in Armour
 21173 | Lair:5   | Reached skill level 15 in Fighting
 21286 | Lair:5   | Reached skill level 15 in Shields
 21996 | D:13     | Killed Azrael
 22027 | D:13     | Found a gate to the Vaults.
 22154 | D:13     | Noticed Nessos
 22169 | D:13     | Killed Nessos
 22746 | D:14     | You fall into a shaft and drop 1 floor!
 22746 | D:15     | Entered Level 15 of the Dungeon
 23064 | D:14     | Received a gift from Okawaru
 23083 | D:14     | Received a gift from Okawaru
 23966 | D:15     | Received a gift from Okawaru
 23966 | D:15     | Found the +2 hood of the Assassin {Detection Stab+ Stlth++}
 23980 | D:15     | Reached XP level 16. HP: 142/151 MP: 21/21
 24110 | D:15     | Found a staircase to the Depths.
 24202 | D:15     | Found a glowing silver altar of Zin.
 24502 | Orc:1    | Entered Level 1 of the Orcish Mines
 24870 | Orc:1    | Identified the +1 pair of boots of Nuadip {Rampage}
 25183 | Orc:2    | Entered Level 2 of the Orcish Mines
 25183 | Orc:2    | Found a staircase to the Elven Halls.
 25191 | Orc:2    | Noticed Rupert
 25201 | Orc:2    | Paralysed by Rupert for 4 turns
 25234 | Orc:1    | Killed Rupert
 25235 | Orc:1    | Reached skill level 5 in Throwing
 25304 | Orc:2    | Found Ymaq Une's Distillery.
 25353 | Orc:2    | Bought a potion of heal wounds for 60 gold pieces
 25353 | Orc:2    | Bought a potion of heal wounds for 60 gold pieces
 25423 | Orc:2    | Found a transporter.
 25424 | Orc:2    | Found a transporter.
 25424 | Orc:2    | Identified the +5 giant club "Engwar's Foe" {vorpal, rC+}
 25424 | Orc:2    | Noticed Westside's ghost (journeyman MiFi)
 25456 | Orc:2    | Killed Westside's ghost
 25588 | Orc:2    | Identified the +1 pair of gloves of Zaxt {rCorr} (Okawaru
                  | gifted it to you on level 2 of the Orcish Mines)
 25588 | Orc:2    | Received a gift from Okawaru
 25612 | Orc:2    | Found Zuluurph's Weapon Shoppe.
 25612 | Orc:2    | Found Rall's Antique Weapon Boutique.
 25614 | Orc:2    | Found Vojigg's Weapon Shoppe.
 25614 | Orc:2    | Found Zengir's Antique Armour Boutique.
 25649 | Orc:2    | Bought an iridescent war axe for 212 gold pieces
 25649 | Orc:2    | Identified the +2 war axe "Upaqer" {vorpal, Stlth+} (You
                  | bought it in a shop on level 2 of the Orcish Mines)
 26045 | Snake:1  | Entered Level 1 of the Snake Pit
 26253 | Snake:1  | Found Doroirue's Jewellery Shoppe.
 26261 | Snake:1  | Bought the amulet "Lelih" {Rampage rPois rN+++ Regen+
                  | Dex-4} for 753 gold pieces
 26279 | Snake:1  | Noticed Aizul
 26297 | Snake:1  | Killed Aizul
 26366 | Snake:1  | Noticed Mlioglotl
 26903 | Snake:2  | Found Yvea's Jewellery Shoppe.
 26904 | Snake:2  | Found Axakhl Jahua's Book Shop.
 26910 | Snake:2  | Found Iwicung's Jewellery Shoppe.
 26920 | Snake:2  | Bought the ring "Upreirah" {rPois rF++ rN+ Int+6} for 1102
                  | gold pieces
 27232 | Snake:3  | Noticed Vashnia
 27307 | Snake:3  | Killed Vashnia
 27322 | Snake:2  | Killed from afar by a shock serpent

Illustrated notes

Levels and vault maps discovered:
D:1:      arrival_aquarium_b, layout_basic
D:2:      layout_basic, uniq_sigmund, uniq_natasha
D:3:      layout_rooms, uniq_ijyb, uniq_grinder
D:4:      layout_layer_cave, minmay_circle_x, uniq_menkaure, uniq_eustachio
D:5:      layout_loops_corners, kennysheep_mini, gup_ossuary_entry_pyramid,
          minmay_hedge_maze
D:6:      layout_basic, minmay_temple_entry_glassed_door, uniq_prince_ribbit1
D:7:      layout_gridville, nicolae_overflow_two_pavilions
D:8:      layout_loops_ring, serial_shops, shop_fountains
D:9:      layout_irregular_city, nicolae_gozag_seed_capital,
          david_lair_shrubbed, serial_shops, nicolae_shop_crystal
D:10:     layout_irregular_city, enter_trove_0, enter_bailey_5, uniq_erica,
          uniq_harold
D:11:     layout_roguey, tgw_fedhas
D:12:     kennysheep_bubbly, layout_loops_cross, david_orc_3
D:13:     layout_irregular_city, david_vaults_3, uniq_lodul, uniq_azrael
D:14:     layout_grid_maze, minmay_misc_feat_pillars
D:15:     hangedman_depths_entry_civil_slaughter, layout_cave_pools, serial_ice,
          serial_ice_i, serial_ice_h, serial_ice_f, serial_ice_b,
          gauntlet_entry_generic, nicolae_concentric_dashed_squares_mild,
          zin_angel
Temple:   nicolae_temple_no_exploring_needed
Lair:1:   layout_chaotic_city, chequers_serial_rivers_micro_a
Lair:2:   layout_cave_pods, guppyfry_snake_entry_island, grunt_megastairs_1,
          infiniplex_staircase_pool_2
Lair:3:   layout_cave_pods, swamp_mist, maelrawn_ghost_gauntlet_escape
Lair:4:   minmay_lair_oklob_chamber, layout_big_grid,
          chequers_serial_rivers_marsh, grunt_megastairs_5, uniq_sonja
Lair:5:   hangedman_lair_caniforms_friends, layout_concentric_octagons,
          guppyfry_lair_end_dragon, minmay_slime_entry_pillars,
          gammafunk_ghost_necromancy, chequers_serial_rivers_large_a
Snake:1:  nicolae_snakescales, layout_grid_shapes, serial_shops, shop,
          nicolae_square_shop, uniq_mlioglotl, uniq_aizul
Snake:2:  layout_gridlike, nicolae_snake_gridmaze_zigzag,
          nicolae_snake_round_shape_thing, minmay_shop_grove
Snake:3:  minmay_snake_river, layout_onion_interference, basic_altar,
          special_room, serial_bayou_pond_c, nicolae_snake_mages_go_home,
          uniq_vashnia
Orc:1:    orc_temple, layout_diamond_mine
Orc:2:    grunt_orc_tribal_feast, layout_caves, serial_shops,
          nicolae_shop_trees, gammafunk_ghost_smash, uniq_rupert

Skill      XL: |  1  2  3  4  5  6  7  8  9 10 11 12 13 14 15 16 |
---------------+-------------------------------------------------+-----
Axes           | 3 4 5 6 7 9 11 12 14 16 17 18 | 18.0
Armour         | 4 5 6 7 8 9 10 12 13 14 16 17 | 17.5
Fighting       | 4 5 6 7 8 9 10 12 13 14 16 17 | 17.4
Shields        | 4 5 6 7 8 9 10 12 13 14 16 17 | 17.4
Evocations     | 1 3 5 |  5.0
Throwing       | 3 7 |  7.1
Invocations    | 5 8 |  8.0

Action                   |  1- 3 |  4- 6 |  7- 9 | 10-12 | 13-15 | 16-18 || total
-------------------------+-------+-------+-------+-------+-------+-------++-------
Melee: War axe           |    50 |   101 |   340 |   414 |       |       ||   905
       Headbutt          |     5 |    12 |    76 |   160 |   267 |   113 ||   633
       Broad axe         |       |       |       |   202 |  1048 |   483 ||  1733
Throw: Javelin           |       |       |       |       |       |     1 ||     1
Invok: Heroism           |       |       |       |     1 |     2 |       ||     3
  Use: Potion            |       |     2 |     3 |     2 |     2 |     7 ||    16
       Scroll            |       |    10 |    12 |    14 |     5 |     6 ||    47
 Stab: Invisible         |       |       |       |     3 |       |       ||     3
       Distracted        |       |       |       |       |     1 |       ||     1
Armor: Scale mail        |    27 |    64 |    16 |       |       |       ||   107
       Chain mail        |       |       |   151 |   339 |   447 |    50 ||   987
       Crystal plate arm |       |       |       |       |       |    75 ||    75
Dodge: Dodged            |    22 |    58 |    67 |   152 |   259 |    83 ||   641
Block: Buckler           |    13 |    24 |    55 |   151 |    98 |       ||   341
       Tower shield      |       |       |       |       |   720 |   478 ||  1198
       Reflection        |       |       |       |       |       |     7 ||     7

Table legend: (Time is in decaauts)
 A = Elapsed time spent in this place.
 B = Non-inter-level travel time spent in this place.
 C = Inter-level travel time spent in this place.
 D = Time resting spent in this place.
 E = Time spent auto-exploring this place.
 F = Levels seen in this place.
 G = Mean time per level.
                   A        B        C        D        E       F      G
               +--------+--------+--------+--------+--------+-----+--------+
         Total |  27193 |  25897 |   1296 |   2195 |  17709 |  28 |  971.2 |
       Dungeon |  16653 |  15671 |    982 |   1525 |  11155 |  15 | 1110.2 |
        Temple |     18 |      2 |     16 |      0 |      0 |   1 |   18.0 |
          Lair |   6838 |   6602 |    236 |    446 |   4651 |   5 | 1367.6 |
     Snake Pit |   1263 |   1236 |     27 |      9 |    797 |   3 |  421.0 |
  Orcish Mines |   1374 |   1341 |     33 |      0 |    940 |   2 |  687.0 |
       Ossuary |    413 |    413 |      0 |      0 |    165 |   1 |  413.0 |
        Bailey |    630 |    630 |      0 |    215 |      0 |   1 |  630.0 |
               +--------+--------+--------+--------+--------+-----+--------+

Top non-repeatable levels by time:
    D:13: 1866 daAuts
  Lair:5: 1765 daAuts
     D:4: 1666 daAuts
    D:12: 1528 daAuts
    D:10: 1459 daAuts
  Lair:1: 1384 daAuts
  Lair:2: 1380 daAuts
  Lair:4: 1256 daAuts
    D:14: 1207 daAuts
     D:9: 1180 daAuts
     D:2: 1100 daAuts
     D:7: 1082 daAuts
     D:5: 1075 daAuts
  Lair:3: 1052 daAuts
     D:8: 1004 daAuts
